 Dungeon Crawl Stone Soup version 0.17.1-3-g152610e (webtiles) character file.

121 NTAmi the Charlatan (level 4, -14/22 HPs)
             Began as a Spriggan Artificer on Apr 23, 2016.
             Was a Follower of Qazlal.
             Killed from afar by a kobold (15 damage)
             ... with a wand of frost
             ... on level 3 of the Dungeon.
             The game lasted 00:15:30 (2034 turns).

NTAmi the Charlatan (Spriggan Artificer)            Turns: 2034, Time: 00:15:30

Health: -14/22     AC:  2    Str:  7    XL:     4   Next: 76%
Magic:  9/9        EV: 19    Int: 12    God:    Qazlal [*.....]
Gold:   100        SH:  1    Dex: 16    Spells: 0 memorised, 5 levels left

rFire  + + .     SeeInvis +     m - +0 rapier
rCold  x x .     Clarity  .     b - +0 robe
rNeg   . . .     SustAt   .     (shield restricted)
rPois  .         Gourm    .     (helmet restricted)
rElec  .         Spirit   .     s - +0 cloak
rCorr  .         Warding  .     (gloves unavailable)
rMut   .         Stasis   .     (boots unavailable)
MR     .....                    (no amulet)
Stlth  ++........               p - ring of fire
                                l - ring of fire

@: drained, very quick, not resistant to hostile enchantments, unstealthy
A: unfitting armour, see invisible, deformed body, dopey 1, herbivore 3, speed
3, slow metabolism 2
a: Renounce Religion


You were on level 3 of the Dungeon.
You worshipped Qazlal.
Qazlal was aware of your devotion.
You were not hungry.

You visited 1 branch of the dungeon, and saw 3 of its levels.

You collected 100 gold pieces.

Inventory:

Hand Weapons
 a - a +0 short sword
 m - a +0 rapier (weapon)
 n - a +0 hunting sling
Missiles
 i - 16 stones (quivered)
Armour
 b - a +0 robe (worn)
 s - a +0 cloak (worn)
Jewellery
 l - a ring of fire (left hand)
 p - a ring of fire (right hand)
 u - an uncursed ring of stealth {unknown}
Wands
 c - a wand of flame (0)
 d - a wand of enslavement (12)
 e - a wand of random effects (7)
Scrolls
 g - a scroll of remove curse
 k - a scroll of teleportation
Potions
 j - a potion of curing {unknown}
 o - a potion of might {unknown}
 q - a potion of cancellation {unknown}
Comestibles
 f - a bread ration
 h - 2 meat rations
 r - a slice of pizza


   Skills:
 + Level 1.1(0.9) Fighting
 + Level 1.3(1.1) Short Blades
 + Level 4.3(4.1) Dodging
 - Level 3.2(2.9) Stealth
 * Level 1.3(1.1) Spellcasting
 + Level 5.6(5.4) Evocations


You had 5 spell levels left.
You didn't know any spells.

Dungeon Overview and Level Annotations

Branches:
Dungeon (3/15)

Altars:
Qazlal

Portals:
Sewer: D:3


Innate Abilities, Weirdness & Mutations

You are tiny and cannot use many weapons and most armour.
You have supernaturally acute eyesight.
You are a herbivore.
You cover ground extremely quickly.
You need consume almost no food.
Armour fits poorly on your strangely shaped body.
You are dopey. (Int -2)


Message History

Found a large iron ring.
You see here a large iron ring.
u - a large iron ring Put on which piece of jewellery? (? for menu, Esc to quit)
Okay, then.
Read which item? (? for menu, Esc to quit)
As you read the scroll labeled TOGEICW CECEUSM, it crumbles to dust.
You feel strangely unstable.
It was a scroll of teleportation.
The kobold zaps a wand.
The puff of frost hits you!
You feel a terrible chill!
It is a wand of frost.
You hit the kobold but do no damage.
The kobold zaps a wand.
The puff of frost hits you!
You feel a terrible chill!
* * * LOW HITPOINT WARNING * * *
Drink which item? (? for menu, Esc to quit)
It was a potion of mutation.
You feel extremely strange.
Your body twists and deforms.
You feel stupid.
Your surroundings seem slightly different.
The kobold zaps a wand.
The puff of frost hits you!
You feel a terrible chill!
Ouch! That really hurt!
You die...

#.. #.# #.# #.# #.#
####.# #@...######
#####.#.K§....#
........##+##...#
.#.####.#.#SSs#...#
#... #.#.#S≈≈#...#
##..#.##.#.#S∩≈#...#
...........#≈≈≈#.....
......####.#≈≈≈#...#.#
..#........#####......


You could see 3 adders, a giant cockroach and a kobold.

Vanquished Creatures
  Terence (D:2)
  A gnoll (D:2)
  3 adders (D:2)
  An ooze (D:1)
  2 worms (D:2)
  A giant gecko (D:2)
  2 hobgoblins
  5 jackals (D:2)
  5 kobolds
  4 bats
  4 giant newts
  8 goblins
  4 rats
41 creatures vanquished.

Vanquished Creatures (collateral kills)
  2 gnolls (D:2)
2 creatures vanquished.

Vanquished Creatures (others)
  A gnoll (D:2)
  A giant cockroach (D:2)
  A giant newt (D:2)
3 creatures vanquished.

Grand Total: 46 creatures vanquished

Notes
Turn   | Place    | Note
--------------------------------------------------------------
     0 | D:1      | NTAmi the Spriggan Artificer began the quest for the Orb.
     0 | D:1      | Reached XP level 1. HP: 9/9 MP: 4/4
   576 | D:1      | Reached XP level 2. HP: 14/14 MP: 6/6
   814 | D:2      | Reached skill level 5 in Evocations
   822 | D:2      | Noticed Terence
   863 | D:2      | Killed Terence
   863 | D:2      | Reached XP level 3. HP: 10/17 MP: 7/7
   953 | D:2      | Reached skill level 1 in Spellcasting
  1015 | D:2      | Reached XP level 4. HP: 3/21 MP: 7/9
  1448 | D:2      | Reached skill level 1 in Fighting
  1815 | D:2      | Found a faded altar to an unknown god.
  1824 | D:2      | Became a worshipper of Qazlal Stormbringer
  1824 | D:2      | Reached * piety under Qazlal
  2011 | D:3      | Found a glowing drain.
  2033 | D:3      | HP: 1/22 [kobold/wand of frost (10)]
  2034 | D:3      | Gained mutation: Armour fits poorly on your strangely shaped body. [potion of mutation]
  2034 | D:3      | Gained mutation: You are dopey. (Int -2) [potion of mutation]
  2034 | D:3      | Killed from afar by a kobold

Action                   |  1- 3 |  4- 6 || total
-------------------------+-------+-------++-------
Melee: Short sword       |    56 |       ||    56
       Rapier            |    11 |    68 ||    79
Throw: Stone             |     6 |    11 ||    17
Evoke: Wand              |    18 |     8 ||    26
  Use: Scroll            |       |     2 ||     2
       Potion            |       |     1 ||     1
 Stab: Sleeping          |     3 |     1 ||     4
